 Dungeon Crawl Stone Soup version 0.24-a0-581-gc0fa6600bf (webtiles) character file.

Game seed: 14844880424331414035

15248 Hylith the Geomancer (level 12, -21/75 HPs)
             Began as a Gargoyle Earth Elementalist on Aug 23, 2019.
             Was an Elder of Vehumet.
             Shot with a bolt by a yaktaur (25 damage)
             ... in a volcano.
             The game lasted 00:48:00 (11390 turns).

Hylith the Geomancer (Gargoyle Earth Elementalist) Turns: 11390, Time: 00:48:00

Health: -21/75     AC: 17    Str: 14    XL:     12   Next: 25%
Magic:  4/23       EV: 12    Int: 26    God:    Vehumet [****..]
Gold:   756        SH:  4    Dex: 10    Spells: 10/26 levels left

rFire    . . .     SeeInvis .   H - +7 whip of the Volcano {venom, Int+7}
rCold    . . .     Gourm    .   v - +0 buckler
rNeg     + + .     Faith    +   w - +0 troll leather armour
rPois    ∞         Spirit   .   k - +2 helmet
rElec    +         Reflect  .   u - scarf {cloud immunity}
rCorr    .         Harm     .   (no gloves)
MR       +....                  A - +0 pair of boots
Stlth    ++........             M - amulet of faith
HPRegen  0.62/turn              D - ring of protection from magic
MPRegen  0.18/turn              L - ring of positive energy

@: about to teleport
A: negative energy resistance 1, electricity resistance, unbreathing,
petrification resistance, rot immunity, AC +8
a: Renounce Religion


You were in a volcano.
You worshipped Vehumet.
Vehumet was greatly pleased with you.
You were not hungry.

You visited 3 branches of the dungeon, and saw 13 of its levels.
You also visited: Volcano.

You collected 756 gold pieces.

Inventory:

Hand Weapons
 H - the +7 whip of the Volcano (weapon) {venom, Int+7}
   (You took it off a big kobold on level 6 of the Dungeon)

   It poisons the flesh of those it strikes.
   It affects your intelligence (+7).
Missiles
 b - 116 stones (quivered)
 h - 3 boomerangs of dispersal
 G - 4 curare-tipped darts
Armour
 k - a +2 helmet (worn)
 u - a scarf of cloud immunity (worn)
 v - a +0 buckler (worn)
 w - a +0 troll leather armour (worn)
 A - a +0 pair of boots (worn)
Jewellery
 D - a ring of protection from magic (left hand)
 L - a ring of positive energy (right hand)
 M - an amulet of faith (around neck)
 N - an uncursed amulet of the gourmand {unknown}
Wands
 q - a wand of acid (3)
 B - a wand of flame (18)
 C - a wand of iceblast (8)
 I - a wand of disintegration (18)
 J - a wand of polymorph (17)
Scrolls
 c - 2 scrolls of blinking {unknown}
 m - a scroll of enchant weapon
 n - 7 scrolls of remove curse
 o - 3 scrolls of amnesia {unknown}
 r - 2 scrolls of fog {unknown}
 s - a scroll of noise {unknown}
 t - 2 scrolls of random uselessness {unknown}
 x - 3 scrolls of teleportation
 y - a scroll of fear {unknown}
 F - a scroll of summoning
Potions
 a - a potion of haste
 e - 5 potions of heal wounds
 f - a potion of brilliance
 g - a potion of resistance
 i - 3 potions of might
 j - 6 potions of curing
 l - a potion of flight
 p - 2 potions of mutation {unknown}
 K - 2 potions of cancellation
Comestibles
 d - 19 rations


   Skills:
 + Level 8.6 Fighting
 + Level 4.7 Maces & Flails
 + Level 2.7 Armour
 + Level 3.3 Dodging
 - Level 2.1 Stealth
 - Level 4.0 Shields
 + Level 7.6 Spellcasting
 - Level 6.0 Conjurations
 - Level 2.0 Charms
 + Level 3.3 Necromancy
   Level 0.7 Transmutations
 * Level 13.1 Earth Magic
 + Level 4.3 Evocations


You had 10 spell levels left.
You knew the following spells:

 Your Spells              Type           Power        Failure   Level  Hunger
a - Sandblast             Erth           ######       1%          1    None
b - Stone Arrow           Conj/Erth      ######       1%          3    None
c - Mephitic Cloud        Conj/Pois/Air  ###.....     2%          3    None
d - Lee's Rapid Deconstr  Erth           ######....   1%          5    #####..
r - Regeneration          Chrm/Necr      ###.......   7%          3    None
s - Animate Skeleton      Necr           N/A          1%          1    None

Your spell library contained the following spells:

 Spells                   Type           Power        Failure   Level  Hunger
 Airstrike                Air            #.........   19%         4    ##.....
 Pain                     Necr           ####         1%          1    None
 Passwall                 Tmut/Erth      #####...     1%          2    None
 Throw Frost              Conj/Ice       ####..       1%          2    None
 Dazzling Spray           Conj/Hex       ####..       1%          3    None
 Freeze                   Ice            #...         2%          1    None
 Petrify                  Tmut/Erth      #####...     4%          4    ##.....
 Vampiric Draining        Necr           ####......   5%          3    None
 Throw Icicle             Conj/Ice       ####....     6%          4    ##.....
 Corona                   Hex            #......      8%          1    None
 Ensorcelled Hibernation  Hex/Ice        #.....       11%         2    None
 Ozocubu's Armour         Chrm/Ice       ###.....     14%         3    None
 Animate Dead             Necr           N/A          19%         4    ##.....
 Confuse                  Hex            #.......     22%         3    None
 Tukima's Dance           Hex            #.......     22%         3    None
 Summon Ice Beast         Ice/Summ       #.......     58%         4    ##.....


Dungeon Overview and Level Annotations

Branches:
Dungeon (11/15)            Temple (1/1) D:4            Lair (1/6) D:11
    Orc (0/2) D:11        Volcano (1/1)

Altars:
Ashenzari
Cheibriados
Dithmenos
Elyvilon
Fedhas
Gozag
Hepliaklqana
Kikubaaqudgha
Makhleb
Nemelex Xobeh
Okawaru
Qazlal
Ru
Sif Muna
Trog
Uskayaw
Vehumet
Wu Jian
Xom
Yredelemnul
Zin
The Shining One

Shops:
D:9 *

Annotations:
D:9 3 runed translucent doors, Mame's ghost, novice HOFi


Innate Abilities, Weirdness & Mutations

You are resistant to torment.
Your stone body is resilient. (AC +8)
You are immune to poison.
You resist negative energy. (rN+)
You are resistant to electric shocks. (rElec)
You can survive without breathing.
You are immune to petrification.
You are immune to rotting.


Message History

As you close the door, it creaks loudly!
A red draconian opens the door.
Aiming: Corrosive Bolt
Press: ? - help, Shift-Dir - straight line, f/p - red draconian
Aim: a red draconian, wielding a +1 broad axe of flaming and wearing a +0 cloak The bolt of acid hits the red draconian!
The red draconian is splashed with acid.
The red draconian is lightly wounded.
You hear a shout!
The red draconian breathes flames at you.
The searing blast hits you!!
* * * LOW HITPOINT WARNING * * *
You close the door.
Your skin stops crawling.
A yaktaur comes into view.
It is wielding a +1 arbalest of flaming.
A red draconian opens the door.
As you read the scroll of teleportation, it crumbles to dust.
You feel strangely unstable.
The yaktaur shoots a bolt.
The bolt misses you.
The yaktaur shoots a bolt.
The bolt hits you!!
You die...

##### #...#
#######8_8######
#...c..☼@)).'...
...###†d(###...
###'### #.)((.#
#..∩..# #(((..#
##.).## ##'##
##### #.# #...#


You could see a red draconian and a yaktaur.

Vanquished Creatures
  A centaur warrior (Volcano)
  2 two-headed ogres
  An unseen horror (D:11)
  An ugly thing (D:11)
  The ghost of Mithandil the Poker, a novice MiGl (D:6)
  A spiny frog (Lair:1)
  2 molten gargoyles (Volcano)
  A kobold demonologist (D:6)
  A centaur skeleton (D:10)
  2 yaktaurs (Volcano)
  A komodo dragon (D:11)
  5 trolls
  6 hippogriffs
  A wyvern (D:10)
  7 fire bats (Volcano)
  6 yaks (D:11)
  A wraith (D:11)
  A hungry ghost (D:7)
  2 soldier ants
  A water moccasin (D:10)
  6 sky beasts
  An ice beast (D:11)
  3 ogres
  A necrophage (D:10)
  7 centaurs
  A crocodile (Lair:1)
  7 bullfrogs
  10 big kobolds
  A gnoll sergeant (D:9)
  A wyvern skeleton (D:4)
  2 scorpions (D:9)
  2 howler monkeys
  14 wights
  7 crimson imps
  6 lava snakes (Volcano)
  A centaur zombie (D:6)
  2 quasits
  3 orc priests (D:11)
  2 bullfrog skeletons (D:10)
  6 hounds
  6 jellies
  Natasha (thrice) (D:4)
  An iguana (D:9)
  2 orc wizards
  4 worker ants
  A killer bee zombie (D:7)
  3 hound skeletons
  A worker ant zombie (D:11)
  Robin (D:3)
  2 howler monkey skeletons
  4 gnolls (D:9)
  7 adders
  A shadow imp (D:6)
  An ooze (D:2)
  2 adder skeletons
  2 worms
  2 dart slugs
  7 leopard geckos
  16 orcs
  6 giant cockroaches
  11 hobgoblins
  12 jackals
  5 quokkas
  2 bats
  2 frilled lizards
  12 goblins
  A jackal skeleton (D:5)
  13 kobolds
  A quokka skeleton (D:7)
  A quokka zombie (D:9)
  14 rats
273 creatures vanquished.

Vanquished Creatures (collateral kills)
  A bullfrog (D:8)
  A scorpion (D:11)
  A jelly (D:11)
  A worker ant (D:7)
  A quokka (D:7)
5 creatures vanquished.

Vanquished Creatures (others)
  6 fungi
  2 plants (D:9)
8 creatures vanquished.

Grand Total: 286 creatures vanquished

Notes
Turn   | Place    | Note
-------+----------+-------------------------------------------
     0 | D:1      | Hylith the Gargoyle Earth Elementalist began the quest for
                  | the Orb.
     0 | D:1      | Reached XP level 1. HP: 10/10 MP: 3/3
   394 | D:1      | Reached XP level 2. HP: 15/15 MP: 5/5
   683 | D:1      | Reached skill level 4 in Earth Magic
  1236 | D:2      | Reached XP level 3. HP: 4/20 MP: 2/6
  1778 | D:2      | Reached skill level 1 in Fighting
  1887 | D:2      | Found a glowing silver altar of Zin.
  1980 | D:2      | Reached XP level 4. HP: 23/26 MP: 3/8
  2007 | D:2      | Found a glowing golden altar of the Shining One.
  2010 | D:2      | Found a stormy altar of Qazlal.
  2011 | D:2      | Found a bloodstained altar of Trog.
  2011 | D:2      | Found a shattered altar of Ashenzari.
  2011 | D:2      | Found a shimmering blue altar of Sif Muna.
  2011 | D:2      | Found a blossoming altar of Fedhas.
  2012 | D:2      | Found a shimmering altar of Xom.
  2013 | D:2      | Found a hazy altar of Hepliaklqana.
  2014 | D:2      | Found an ancient bone altar of Kikubaaqudgha.
  2015 | D:2      | Found a snail-covered altar of Cheibriados.
  2016 | D:2      | Found a sparkling altar of Nemelex Xobeh.
  2157 | D:3      | Noticed Robin
  2347 | D:3      | Killed Robin
  2557 | D:3      | Reached XP level 5. HP: 30/30 MP: 9/9
  2584 | D:3      | Found a burning altar of Makhleb.
  3151 | D:4      | Reached skill level 5 in Earth Magic
  3436 | D:4      | Found a staircase to the Ecumenical Temple.
  3445 | Temple   | Entered the Ecumenical Temple
  3472 | Temple   | Became a worshipper of Vehumet
  3622 | D:4      | Found a sacrificial altar of Ru.
  3722 | D:4      | Learned a level 3 spell: Stone Arrow
  3910 | D:4      | Learned a level 3 spell: Regeneration
  3916 | D:4      | Reached XP level 6. HP: 35/37 MP: 8/11
  4087 | D:4      | Learned a level 1 spell: Animate Skeleton
  4134 | D:4      | Noticed Natasha
  4139 | D:4      | Killed Natasha
  4160 | D:4      | Reached skill level 1 in Conjurations
  4271 | D:4      | Reached skill level 1 in Charms
  4382 | D:4      | Noticed Natasha
  4713 | D:4      | Killed Natasha
  4713 | D:4      | Reached skill level 1 in Necromancy
  4713 | D:4      | Reached XP level 7. HP: 38/41 MP: 8/12
  4740 | D:4      | Noticed Natasha
  4746 | D:4      | Killed Natasha
  4812 | D:5      | Entered Level 5 of the Dungeon
  4815 | D:5      | Reached skill level 6 in Earth Magic
  5726 | D:6      | Reached XP level 8. HP: 48/48 MP: 12/14
  5741 | D:6      | Reached skill level 7 in Earth Magic
  5802 | D:6      | Learned a level 5 spell: Lee's Rapid Deconstruction
  5838 | D:6      | You fall into a shaft and drop 3 floors!
  5839 | D:9      | Noticed a troll
  5850 | D:9      | Reached * piety under Vehumet
  5850 | D:9      | Offered knowledge of Sting by Vehumet.
  5850 | D:9      | Killed a troll
  6030 | D:9      | Reached skill level 1 in Shields
  6030 | D:9      | Reached skill level 8 in Earth Magic
  6069 | D:9      | Noticed a troll
  6078 | D:9      | Noticed a two-headed ogre
  6100 | D:9      | Killed a troll
  6100 | D:9      | Reached skill level 5 in Fighting
  6100 | D:9      | Reached XP level 9. HP: 4/54 MP: 3/16
  6213 | D:9      | Found a runed translucent gate.
  6213 | D:9      | Found a runed translucent gate.
  6213 | D:9      | Found a runed translucent gate.
  6215 | D:9      | Noticed a kobold demonologist
  6217 | D:9      | Noticed Mame's ghost (novice HOFi)
  6217 | D:9      | Noticed a kobold demonologist
  6218 | D:9      | Identified the cursed +1 short sword of Blood {chaos, rElec
                  | rN++ Int-5 SInv}
  6219 | D:9      | Reached skill level 5 in Spellcasting
  6512 | D:7      | Noticed a troll
  6540 | D:7      | Killed a troll
  6558 | D:7      | Reached skill level 9 in Earth Magic
  6944 | D:7      | Found an iron altar of Okawaru.
  6966 | D:7      | Offered knowledge of Flame Tongue by Vehumet.
  6972 | D:7      | Reached ** piety under Vehumet
  7039 | D:6      | Found a runed translucent gate.
  7039 | D:6      | Found a runed translucent gate.
  7039 | D:6      | Identified the +7 whip of the Volcano {venom, Int+7}
  7039 | D:6      | Noticed a kobold demonologist
  7039 | D:6      | Noticed Mithandil's ghost (novice MiGl)
  7040 | D:6      | Found a runed translucent gate.
  7439 | D:6      | Reached skill level 10 in Earth Magic
  7439 | D:6      | Reached XP level 10. HP: 60/60 MP: 18/18
  7571 | D:6      | Killed a kobold demonologist
  7571 | D:6      | Reached skill level 5 in Conjurations
  7573 | D:6      | Reached skill level 1 in Evocations
  7579 | D:6      | Killed Mithandil's ghost
  8367 | D:8      | Reached skill level 1 in Maces & Flails
  8813 | D:9      | Found Jetorgh's General Store.
  8823 | D:9      | Offered knowledge of Mephitic Cloud by Vehumet.
  8823 | D:9      | Reached skill level 1 in Armour
  9011 | D:9      | Killed a two-headed ogre
  9011 | D:9      | Reached skill level 11 in Earth Magic
  9253 | D:9      | Learned a level 3 spell: Mephitic Cloud
  9254 | D:10     | Entered Level 10 of the Dungeon
  9336 | D:10     | Reached XP level 11. HP: 67/67 MP: 20/20
  9706 | D:10     | Reached *** piety under Vehumet
 10024 | D:10     | Noticed a lindwurm
 10257 | D:11     | Offered knowledge of Fulminant Prism by Vehumet.
 10347 | D:11     | Killed an unseen horror
 10413 | D:11     | Noticed a two-headed ogre
 10426 | D:11     | Killed a two-headed ogre
 10426 | D:11     | Reached skill level 12 in Earth Magic
 10540 | D:11     | Found a staircase to the Orcish Mines.
 10556 | D:11     | Noticed a green ugly thing
 10570 | D:11     | Killed a green ugly thing
 10694 | D:11     | Reached **** piety under Vehumet
 10873 | D:11     | Found a staircase to the Lair.
 10905 | D:11     | Noticed a deep troll earth mage
 10905 | D:11     | Noticed an ice dragon
 10905 | D:11     | Noticed a two-headed ogre
 10925 | Lair:1   | Entered Level 1 of the Lair of Beasts
 11073 | Lair:1   | Found a dark tunnel.
 11080 | Volcano  | Entered a volcano
 11133 | Volcano  | Offered knowledge of Airstrike by Vehumet.
 11185 | Volcano  | Reached XP level 12. HP: 61/75 MP: 5/23
 11359 | Volcano  | Found a radiant altar of Vehumet.
 11359 | Volcano  | Noticed a centaur warrior
 11367 | Volcano  | Reached skill level 13 in Earth Magic
 11372 | Volcano  | Killed a centaur warrior
 11374 | Volcano  | Noticed a red draconian
 11387 | Volcano  | HP: 2/75 [red draconian/searing blast (23)]
 11390 | Volcano  | Shot with a bolt by a yaktaur

Levels and vault maps discovered:
D:1:      matt_arrival_diagonals, layout_rooms
D:2:      layout_loops_ring, minitemple, zin_statuary, grunt_decor_cap,
          nicolae_underground_beach
D:3:      layout_basic, nicolae_overflow_crystal_walls, uniq_robin
D:4:      layout_loops_ring, minmay_temple_entry_statues_pillars, first_ration,
          minmay_misc_feat_cross, nicolae_ru_sacrificial_ziggurat, uniq_natasha
D:5:      layout_loops_ring, grunt_decor_one_mirror, columned_hall_lemuel
D:6:      layout_basic, gammafunk_ghost_nasty_kobolds
D:7:      layout_cave_pods, basic_altar
D:8:      layout_layer_cave
D:9:      layout_small_grid, gammafunk_ghost_nasty_kobolds, serial_shops, shop
D:10:     layout_stronghold, minivault_16, minmay_lindwurm_lava
D:11:     minmay_glassy_protrusions, layout_loops_ring, lair_entry_dummy,
          orc_0_dummy
Temple:   jpeg_temple_island
Lair:1:   layout_regular_city, nicolae_volcano_entry_s_turn, minivault_11,
          roderic_batcave, lemuel_fruit_tree
Volcano:  volcano_grotto [vgs_original]

Skill      XL: |  1  2  3  4  5  6  7  8  9 10 11 12 |
---------------+-------------------------------------+-----
Earth Magic    | 4 5 6 8 10 11 12 13 | 13.1
Dodging        | 2 3 |  3.3
Fighting       | 1 2 3 4 5 6 7 8 |  8.6
Spellcasting   | 3 4 5 6 7 |  7.6
Conjurations   | 1 2 3 4 5 6 |  6.0
Charms         | 1 2 |  2.0
Necromancy     | 1 2 3 |  3.3
Shields        | 1 3 4 |  4.0
Evocations     | 2 4 |  4.3
Maces & Flails | 2 4 |  4.7
Armour         | 2 |  2.7
Stealth        | |  2.1
Transmutations | |  0.7

Action                   |  1- 3 |  4- 6 |  7- 9 | 10-12 || total
-------------------------+-------+-------+-------+-------++-------
Melee: Unarmed           |    10 |       |       |       ||    10
       Club              |    36 |       |       |       ||    36
       Hunting sling     |    38 |     6 |       |       ||    44
       Dagger            |       |    59 |       |       ||    59
       Hand axe          |       |     2 |       |       ||     2
       Spear             |       |       |   115 |       ||   115
       Whip              |       |       |       |   380 ||   380
 Fire: Hunting sling     |    88 |   100 |    55 |       ||   243
Throw: Boomerang         |       |       |       |     1 ||     1
 Cast: Sandblast         |     4 |    38 |    89 |    28 ||   159
       Animate Skeleton  |       |     1 |     4 |     8 ||    13
       Stone Arrow       |       |       |    10 |    24 ||    34
       Lee's Rapid Decon |       |       |       |    17 ||    17
       Mephitic Cloud    |       |       |       |     6 ||     6
       Regeneration      |       |       |       |     4 ||     4
Evoke: Wand              |       |       |     2 |     6 ||     8
  Use: Scroll            |       |    10 |     1 |     6 ||    17
 Stab: Sleeping          |       |       |     1 |     1 ||     2
       Confused          |       |       |       |     2 ||     2
  Eat: Chunk             |     3 |     8 |    10 |    14 ||    35
       Ration            |       |       |       |     1 ||     1
Armor: Robe              |    43 |    54 |    16 |       ||   113
       Troll leather arm |       |       |    83 |   211 ||   294
Dodge: Dodged            |   104 |    99 |    99 |   219 ||   521
Block: Buckler           |       |       |    26 |    69 ||    95

Table legend:
 A = Non-vault XP
 B = Vault XP
 C = Vault XP percentage of total XP
 D = Non-vault monster count
 E = Vault monster count
 F = Vault count percentage of total count
                 A         B        C        D         E       F
            +---------+---------+-------+---------+---------+-------
      Total |   15944 |    5839 |  26.8 |     235 |      43 |  15.5
            +---------+---------+-------+---------+---------+-------
        D:1 |      24 |       0 |   0.0 |      14 |       0 |   0.0
        D:2 |      92 |       4 |   4.2 |      18 |       2 |  10.0
        D:3 |      29 |      32 |  52.5 |      15 |      10 |  40.0
        D:4 |     453 |      32 |   6.6 |      26 |       2 |   7.1
        D:5 |     379 |       0 |   0.0 |       9 |       0 |   0.0
        D:6 |     514 |    1629 |  76.0 |      13 |      10 |  43.5
        D:7 |    2144 |       0 |   0.0 |      23 |       0 |   0.0
        D:8 |     993 |       0 |   0.0 |      19 |       0 |   0.0
        D:9 |    2513 |       0 |   0.0 |      25 |       0 |   0.0
       D:10 |    1999 |       0 |   0.0 |      24 |       0 |   0.0
       D:11 |    5905 |       0 |   0.0 |      45 |       0 |   0.0
     Lair:1 |     899 |       0 |   0.0 |       4 |       0 |   0.0
    Volcano |       0 |    4142 | 100.0 |       0 |      19 | 100.0
            +---------+---------+-------+---------+---------+-------
